 Dungeon Crawl Stone Soup version 0.20.1-1-g8b1a95d (webtiles) character file.

202 Patate the Chopper (level 5, -9/48 HPs)
             Began as a Hill Orc Fighter on Oct 11, 2017.
             Mangled by an orc warrior
             ... wielding a +0 trident
              (14 damage)
             ... on level 3 of the Dungeon.
             The game lasted 00:04:15 (2093 turns).

Patate the Chopper (Hill Orc Fighter)               Turns: 2093, Time: 00:04:15

Health: -9/48      AC: 10    Str: 25    XL:     5   Next: 80%
Magic:  5/5        EV:  5    Int:  8    God:
Gold:   154        SH: 13    Dex: 10    Spells: 4/4 levels left

rFire    . . .     SeeInvis .   a - +1 war axe
rCold    . . .     Gourm    .   c - +0 shield
rNeg     . . .     Faith    .   r - +0 chain mail
rPois    .         Spirit   .   (no helmet)
rElec    .         Reflect  +   (no cloak)
rCorr    .         Harm     .   m - +0 pair of gloves
MR       .....                  (no boots)
Stlth    ..........             l - +4 amulet of reflection
Regen    0.2/turn               e - +5 ring of strength
MPRegen  0.1/turn               (no ring)

@: hasted, very quick
A: no striking features
a: no special abilities


You were on level 3 of the Dungeon.
You were not hungry.

You visited 1 branch of the dungeon, and saw 3 of its levels.

You collected 154 gold pieces.

Inventory:

Hand Weapons
 a - a +1 war axe (weapon)
Missiles
 i - 7 tomahawks (quivered)
 s - 7 javelins
Armour
 c - a +0 shield (worn)
 m - a +0 pair of gloves (worn)
 r - a +0 chain mail (worn)
Jewellery
 e - a +5 ring of strength (left hand)
 l - a +4 amulet of reflection (around neck)
Wands
 t - a wand of digging (9/24)
Scrolls
 k - 2 scrolls of teleportation
Potions
 d - a potion of might
 g - 2 potions of haste
 j - 3 potions of lignification {unknown}
 o - a potion of heal wounds {unknown}
 p - a potion of cancellation {unknown}
 q - a potion of berserk rage {unknown}
Comestibles
 b - 3 chunks of flesh
 f - 3 bread rations
 h - 2 royal jellies
 n - a meat ration


   Skills:
 + Level 5.2 Fighting
 * Level 6.5 Axes
 - Level 3.2 Armour
 - Level 3.2 Shields


You had 4 spell levels left.
You didn't know any spells.

Dungeon Overview and Level Annotations

Branches:
Dungeon (3/15)

Altars:
Qazlal


Message History

You slash the orc!
You kill the orc!
You block the orc warrior's attack.
The orc warrior hits you from afar with a trident!
You see here a club.
You block the orc warrior's attack.
You see here a leather armour.
You hit the orc warrior.
The orc warrior is lightly wounded.
The orc warrior hits you with a trident!
You slash the orc warrior!
The orc warrior is severely wounded.
The orc warrior hits you with a trident!
You hit the orc warrior but do no damage.
The orc warrior is severely wounded.
The orc warrior hits you with a trident!
* * * LOW HITPOINT WARNING * * *
You feel yourself speed up. You block the orc warrior's attack.
The orc warrior hits you from afar with a trident!
You die...

##.....##
##.......##
#.........#
#########.........#
........#.........#
........#........[#
.......o#.........#
.......[##.......##
####.##)@.........#
###.........#
#.>.......# #
#.........#######
#................
..##...............
............<.....#
..(.##.....#........
....##.....#........


You could see an orc warrior.

Vanquished Creatures
  The ghost of manyhoops the Gusty, an amateur DgAE (D:3)
  Terence (D:2)
  2 adders
  A river rat (D:3)
  An ooze (D:1)
  3 leopard geckos (D:2)
  2 orcs (D:3)
  4 giant cockroaches
  7 goblins
  12 hobgoblins
  5 jackals
  A ball python (D:3)
  4 bats
  A frilled lizard (D:2)
  7 kobolds
  5 rats
57 creatures vanquished.

Notes
Turn   | Place    | Note
-------+----------+-------------------------------------------
     0 | D:1      | Patate the Hill Orc Fighter began the quest for the Orb.
     0 | D:1      | Reached XP level 1. HP: 19/19 MP: 1/1
    40 | D:1      | Reached skill level 3 in Axes
    55 | D:1      | Reached XP level 2. HP: 26/27 MP: 2/2
   746 | D:2      | Reached skill level 4 in Axes
   746 | D:2      | Reached XP level 3. HP: 31/33 MP: 3/3
   837 | D:2      | Noticed Terence
   843 | D:2      | Killed Terence
   843 | D:2      | Reached XP level 4. HP: 41/41 MP: 4/4
   876 | D:2      | Reached skill level 5 in Axes
  1694 | D:3      | Noticed manyhoops's ghost (amateur DgAE)
  1700 | D:3      | Killed manyhoops's ghost
  1700 | D:3      | Reached skill level 5 in Fighting
  1700 | D:3      | Reached skill level 6 in Axes
  1700 | D:3      | Reached XP level 5. HP: 41/48 MP: 5/5
  1761 | D:3      | Found a stormy altar of Qazlal.
  2077 | D:3      | Noticed an orc warrior
  2093 | D:3      | Mangled by an orc warrior

Skill      XL: |  1  2  3  4 |
---------------+-------------+-----
Axes           | 3 4 6 |  6.5
Fighting       | 4 5 |  5.2
Armour         | |  3.2
Shields        | |  3.2

Action                   |  1- 3 |  4- 6 || total
-------------------------+-------+-------++-------
Melee: War axe           |    65 |   103 ||   168
  Use: Scroll            |     7 |     2 ||     9
       Potion            |       |     1 ||     1
  Eat: Chunk             |       |     4 ||     4
Armor: Scale mail        |    31 |    35 ||    66
       Chain mail        |       |     5 ||     5
Dodge: Dodged            |    18 |    21 ||    39
Block: Shield            |    28 |    79 ||   107
